 Dungeon Crawl Stone Soup version 0.27.0-66-gdc8fb28755 (webtiles) character file.

Game seed: 7753353394924063159

19197 Malachi the Grappler (level 12, 0/144 (148) HPs)
             Began as a Demonspawn Berserker on Aug 20, 2021.
             Was a High Priest of Trog.
             Slain by a spriggan berserker (24 damage)
             ... on level 13 of the Dungeon.
             The game lasted 00:19:40 (13058 turns).

Malachi the Grappler (Demonspawn Berserker)        Turns: 13058, Time: 00:19:40

HP:   0/144 (148)   AC: 14    Str: 22    XL:     12   Next: 34%
MP:   9/12          EV: 14    Int:  8    God:    Trog [*****.]
Gold: 938           SH:  0    Dex: 12    Spells: 11/11 levels left

rFire    + . .     SeeInvis .     - Unarmed
rCold    + . .     Faith    .   (no shield)
rNeg     . . .     Spirit   .   o - +5 acid dragon scales "Xuir" {rF+ rCorr}
rPois    +         Reflect  .   (helmet restricted)
rElec    .         Harm     .   m - +0 cloak
rCorr    +         Rampage  .   (no gloves)
Will     .....                  (boots unavailable)
Stlth    ..........             q - amulet of regeneration
HPRegen  2.34/turn              i - ring of poison resistance
MPRegen  0.13/turn              A - ring of flight

@: berserking, flying, lightly drained, very quick
A: claws 2, horns 2, talons 3, powered by death 1, cold resistance 1, dopey 1,
regeneration 1
a: Renounce Religion, Berserk, Trog's Hand, Brothers in Arms


You were on level 13 of the Dungeon.
You worshipped Trog.
Trog was extremely pleased with you.
You visited 1 branch of the dungeon, and saw 13 of its levels.

You collected 938 gold pieces.

Inventory:

Hand Weapons
 a - a +1 hand axe
 E - the +12 glaive of Prune {vorpal}
   (You found it on level 7 of the Dungeon)

   It inflicts extra damage upon your enemies.
Armour
 m - a +0 cloak (worn)
 o - the +5 acid dragon scales "Xuir" (worn) {rF+ rCorr}
   (You acquired it on level 4 of the Dungeon)

   rF:        It protects you from fire.
   rCorr:     It protects you from acid and corrosion.
 s - a +2 buckler
Jewellery
 i - a ring of poison resistance (left claw)
 q - an amulet of regeneration (around neck)
 r - an amulet of the acrobat
 t - an amulet of magic regeneration
 x - a ring of positive energy
 A - a ring of flight (right claw)
 C - a ring of protection from fire
 D - an amulet of faith
 G - an amulet of guardian spirit
Wands
 e - a wand of flame (10)
 g - a wand of digging (4)
 l - a wand of acid (21)
 y - a wand of iceblast (30)
 H - a wand of charming (8)
Scrolls
 c - 2 scrolls of blinking
 f - 3 scrolls of teleportation
 j - 2 scrolls of vulnerability
 n - 2 scrolls of fog
 z - a scroll of enchant armour
 F - 4 scrolls of enchant weapon
 L - a scroll of magic mapping
Potions
 b - a potion of mutation
 d - 4 potions of heal wounds
 h - 3 potions of curing
 k - 6 potions of flight
 p - 4 potions of ambrosia
 u - 3 potions of haste
 v - 2 potions of lignification {unknown}
 w - 3 potions of attraction {unknown}
 B - a potion of invisibility {unknown}
 J - a potion of berserk rage {unknown}
 K - a potion of magic {unknown}


   Skills:
 + Level 10.7 Fighting
 - Level 4.0 Axes
 - Level 7.1 Armour
 + Level 6.7 Dodging
 - Level 0.4 Stealth
 - Level 0.2 Shields
 * Level 12.7 Unarmed Combat


You had 11 spell levels left.
You didn't know any spells.
Your spell library was empty.

Dungeon Overview and Level Annotations

Branches:
Dungeon (13/15)            Temple (0/1) D:5            Lair (0/6) D:10
    Orc (0/2) D:10
 Vaults: D:13-14

Altars:
Ashenzari
Dithmenos
Hepliaklqana
Kikubaaqudgha
Ru
Uskayaw
Vehumet
Xom
Yredelemnul
Zin
The Shining One


Innate Abilities, Weirdness & Mutations

You have very sharp fingernails.
You have a pair of horns on your head.
You have claws for feet.
You regenerate a little health from kills.
Your flesh is cold resistant. (rC+)
You are dopey. (Int -2)
Your natural rate of healing is unusually fast.


Message History

You completely miss the spriggan berserker.
You claw the spriggan berserker.
Your headbutt misses the spriggan berserker.
The spriggan berserker is severely wounded.
The spriggan berserker hits you with a +0 war axe!!
The polar bear bites you!! The polar bear closely misses you.
The polar bear claws you but does no damage.
You are too injured to fight recklessly!
Unknown command.
You are too injured to fight recklessly!
Unknown command.
You are too injured to fight recklessly!
Unknown command.
You are too berserk!
You miss the spriggan berserker.
Your kick misses the spriggan berserker.
You headbutt the spriggan berserker!!
The spriggan berserker is moderately wounded.
The spriggan berserker hits you with a +0 war axe!
The polar bear bites you but does no damage.
The polar bear claws you but does no damage.
The polar bear barely misses you. The spriggan berserker misses you.
You scratch the spriggan berserker. You claw the spriggan berserker!
You headbutt the spriggan berserker!
The spriggan berserker is heavily wounded.
The spriggan berserker hits you with a +2 flail of draining!!
You feel drained.
* * * LOW HITPOINT WARNING * * *
The polar bear closely misses you.
The polar bear claws you but does no damage.
The polar bear barely misses you.
The spriggan berserker hits you but does no damage.
Your acid dragon scales "Xuir" prevents you from hitting the spriggan berserker.
You claw the spriggan berserker!!
Your headbutt misses the spriggan berserker.
The spriggan berserker is almost dead.
The spriggan berserker hits you with a +0 broad axe!
* * * LOW HITPOINT WARNING * * *
The spriggan berserker hits you with a +0 war axe!!
You die...

#...♣♣ i.#.i.
#[...♣♣.....♣ ..#
#........i... ..#
#............ ..#
#....:# ..#
#.....#
..##+######.....#
.......<.......i##
...............h@#
....[..........ii#
...........#######
...........#
...........#
...........#
...######### ...#
...#


You could see 3 spriggan berserkers and a polar bear (summoned, berserk).

Vanquished Creatures
  Snorg (D:11)
  Erolcha (D:12)
  A centaur warrior (D:12)
  5 two-headed ogres
  A spriggan berserker (D:13)
  Pikel (D:4)
  A manticore (D:11)
  A cyclops (D:12)
  Maurice (D:12)
  3 gargoyles (D:12)
  An unseen horror (D:12)
  4 trolls
  4 slime creatures (D:7)
  A shadow (D:12)
  15 yaks
  A basilisk (D:10)
  2 wyverns
  A wraith (D:9)
  A steam dragon (D:8)
  3 vampire mosquitoes (D:9)
  2 acid dragons
  2 water moccasins (D:6)
  4 orc warriors (D:10)
  An ice beast (D:5)
  4 sky beasts
  A swamp drake (D:10)
  A black bear (D:10)
  3 ogres (D:5)
  A necrophage (D:5)
  11 centaurs
  A lemure (D:4)
  3 phantoms
  2 kobold brigands
  3 scorpions (D:5)
  5 bullfrogs
  13 killer bees
  11 howler monkeys
  2 electric eels (D:7)
  3 centaur zombies
  3 bullfrog zombies
  3 orc priests (D:10)
  3 hounds
  Terence (D:2)
  An iguana (D:5)
  7 orc wizards
  A killer bee zombie (D:6)
  A howler monkey zombie (D:9)
  6 gnolls
  9 adders
  A howler monkey skeleton (D:5)
  2 ufetubi
  An adder skeleton (D:4)
  A worm (D:2)
  4 dart slugs
  28 orcs
  10 endoplasms
  7 giant cockroaches
  2 goblins
  7 hobgoblins
  A jackal (D:5)
  14 kobolds
  8 quokkas
  9 ball pythons
  6 bats
  2 frilled lizards
  9 rats
269 creatures vanquished.

Vanquished Creatures (others)
  A fungus (D:10)
  A plant (D:10)
2 creatures vanquished.

Grand Total: 271 creatures vanquished

Notes
Turn   | Place    | Note
-------+----------+-------------------------------------------
     0 | D:1      | Malachi the Demonspawn Berserker began the quest for the
                  | Orb.
     0 | D:1      | Reached XP level 1. HP: 18/18 MP: 1/1
   408 | D:1      | Gained mutation: You regenerate a little health from kills.
                  | [demonic ancestry]
   408 | D:1      | Reached XP level 2. HP: 22/24 MP: 2/2
   791 | D:1      | Gained mutation: You have a pair of small horns on your
                  | head. [demonic ancestry]
   791 | D:1      | Reached XP level 3. HP: 29/29 MP: 3/3
  1252 | D:2      | Reached ** piety under Trog
  1589 | D:2      | Gained mutation: You have sharp fingernails. [demonic
                  | ancestry]
  1589 | D:2      | Reached XP level 4. HP: 35/35 MP: 4/4
  1650 | D:2      | Noticed Terence
  1655 | D:2      | Killed Terence
  1730 | D:2      | Found a faded altar of an unknown god.
  2507 | D:3      | Gained mutation: You have very sharp fingernails. [demonic
                  | ancestry]
  2507 | D:3      | Reached XP level 5. HP: 32/42 MP: 5/5
  2509 | D:3      | Reached skill level 1 in Unarmed Combat
  2575 | D:3      | Found a hide-covered altar of Uskayaw.
  2692 | D:3      | Found a shadowy altar of Dithmenos.
  3100 | D:3      | Reached *** piety under Trog
  3723 | D:4      | Reached skill level 2 in Unarmed Combat
  3818 | D:4      | Noticed a yak
  3818 | D:4      | Noticed a yak
  3819 | D:4      | Noticed a yak
  3831 | D:4      | Killed a yak
  3832 | D:4      | Gained mutation: You have a pair of horns on your head.
                  | [demonic ancestry]
  3832 | D:4      | Reached XP level 6. HP: 44/49 MP: 6/6
  3836 | D:4      | Killed a yak
  3837 | D:4      | Reached skill level 3 in Unarmed Combat
  3839 | D:4      | Killed a yak
  3840 | D:4      | Reached skill level 4 in Unarmed Combat
  3840 | D:4      | Reached XP level 7. HP: 55/55 MP: 7/7
  3907 | D:4      | Noticed Pikel
  3914 | D:4      | Killed Pikel
  3915 | D:4      | Reached skill level 5 in Fighting
  3915 | D:4      | Reached skill level 5 in Unarmed Combat
  3915 | D:4      | Reached XP level 8. HP: 48/63 MP: 8/8
  4330 | D:4      | Found a hazy altar of Hepliaklqana.
  4330 | D:4      | Found a basalt altar of Yredelemnul.
  4330 | D:4      | Found a broken altar of Ashenzari.
  4541 | D:4      | Identified a scroll of acquirement
  4541 | D:4      | Acquired the +5 acid dragon scales "Xuir" {rF+ rCorr}
  4639 | D:5      | Entered Level 5 of the Dungeon
  4705 | D:5      | Reached skill level 6 in Unarmed Combat
  4962 | D:5      | Reached skill level 5 in Armour
  4964 | D:5      | Reached **** piety under Trog
  5028 | D:5      | Found a radiant altar of Vehumet.
  5542 | D:5      | Gained mutation: You have sharp toenails. [demonic
                  | ancestry]
  5542 | D:5      | Reached XP level 9. HP: 71/71 MP: 9/9
  5565 | D:5      | Found a staircase to the Ecumenical Temple.
  5639 | D:5      | Reached skill level 7 in Unarmed Combat
  6164 | D:6      | Reached skill level 8 in Unarmed Combat
  6386 | D:6      | Found a shimmering altar of Xom.
  6711 | D:6      | Found an ancient bone altar of Kikubaaqudgha.
  7274 | D:7      | Reached ***** piety under Trog
  7496 | D:7      | Found the +12 glaive of Prune {vorpal}
  7593 | D:7      | Gained mutation: You have razor-sharp toenails. [demonic
                  | ancestry]
  7593 | D:7      | Reached XP level 10. HP: 80/80 MP: 10/10
  7600 | D:7      | Reached skill level 9 in Unarmed Combat
  8618 | D:7      | Found a sacrificial altar of Ru.
  8885 | D:8      | Noticed a two-headed ogre
  8944 | D:8      | Killed a two-headed ogre
  9389 | D:9      | Reached skill level 10 in Unarmed Combat
  9608 | D:9      | Noticed a two-headed ogre
  9615 | D:9      | Killed a two-headed ogre
 10195 | D:10     | Entered Level 10 of the Dungeon
 10211 | D:9      | Gained mutation: You have claws for feet. [demonic
                  | ancestry]
 10211 | D:9      | Reached XP level 11. HP: 89/89 MP: 11/11
 10262 | D:10     | Noticed a two-headed ogre
 10263 | D:10     | Noticed a two-headed ogre
 10272 | D:10     | Killed a two-headed ogre
 10272 | D:10     | Received a gift from Trog
 10275 | D:10     | Killed a two-headed ogre
 10276 | D:10     | Reached skill level 11 in Unarmed Combat
 10543 | D:10     | Found a staircase to the Lair.
 10713 | D:10     | Found a staircase to the Orcish Mines.
 10782 | D:10     | Reached skill level 5 in Dodging
 11155 | D:10     | Gained mutation: Your natural rate of healing is unusually
                  | fast. [potion of mutation]
 11155 | D:10     | Gained mutation: You are dopey. (Int -2) [potion of
                  | mutation]
 11155 | D:10     | Gained mutation: Your flesh is cold resistant. (rC+)
                  | [potion of mutation]
 11302 | D:11     | Noticed Snorg
 11702 | D:11     | Killed Snorg
 11703 | D:11     | Reached skill level 10 in Fighting
 12193 | D:12     | Reached skill level 12 in Unarmed Combat
 12351 | D:12     | Noticed Maurice
 12360 | D:12     | Killed Maurice
 12371 | D:12     | Noticed Erolcha
 12379 | D:12     | Killed Erolcha
 12380 | D:12     | Reached XP level 12. HP: 98/98 MP: 12/12
 12512 | D:12     | Noticed a two-headed ogre
 12520 | D:12     | Killed a two-headed ogre
 12604 | D:12     | Noticed a centaur warrior
 12619 | D:12     | Killed a centaur warrior
 13016 | D:13     | Identified the +1 leather armour "Lifiycw" {-Cast rCorr
                  | Str+2}
 13038 | D:13     | Found the +8 Wrath of Trog {antimagic, *Rage Rampage}
 13058 | D:13     | Slain by a spriggan berserker

Illustrated notes

Levels and vault maps discovered:
D:1:      amcnicky_arrival_feature_with_door, layout_rooms
D:2:      layout_basic, hellmonk_ecumenical_altar_slurped_away,
          kennysheep_generic_room_8, uniq_terence
D:3:      layout_basic, mainiacjoe_overflow_catwalk_spiral
D:4:      layout_loops_cross, gammafunk_temple_overflow_claw, zin_scriptorium,
          uniq_pikel
D:5:      minmay_skewed_foursquare, layout_loops_cross,
          mainiacjoe_overflow_paths, nicolae_wu_jian_glorious_leap,
          temple_statues, minmay_joined_circles
D:6:      layout_loops_cross, kiku_gazebo_pond_becter, xom_butterflies,
          dk_rats_in_the_wall
D:7:      layout_cave_pools, nicolae_ru_path_of_blood, nrook_campfire,
          kennysheep_donut, nicolae_sextant
D:8:      layout_cave_pools, lemuel_round_altar
D:9:      layout_long_grid
D:10:     layout_rooms, david_lair_generic, erik_orc_1
D:11:     layout_cave_pools, uniq_snorg
D:12:     layout_small_grid, uniq_maurice, uniq_erolcha
D:13:     minmay_shoctagon, layout_irregular_city, serial_shops,
          kennysheep_little_box, minmay_guarded_unrand_wrath_of_trog

Skill      XL: |  1  2  3  4  5  6  7  8  9 10 11 |
---------------+----------------------------------+-----
Axes           | 3 4 |  4.0
Dodging        | 2 3 6 |  6.7
Armour         | 2 3 4 5 6 7 |  7.1
Unarmed Combat | 2 4 5 6 8 10 12 | 12.7
Fighting       | 4 5 6 7 9 10 | 10.7
Stealth        | |  0.4
Shields        | |  0.2

Action                   |  1- 3 |  4- 6 |  7- 9 | 10-12 || total
-------------------------+-------+-------+-------+-------++-------
Melee: Hand axe          |   107 |     2 |       |       ||   109
       Headbutt          |    10 |    19 |    49 |    59 ||   137
       Unarmed           |       |   149 |   277 |   353 ||   779
       Punch             |       |       |    10 |    18 ||    28
       Kick              |       |       |    21 |   116 ||   137
       Glaive            |       |       |     1 |       ||     1
Invok: Berserk           |     2 |     3 |     1 |    11 ||    17
       Trog's Hand       |       |       |       |     4 ||     4
Evoke: Wand              |       |       |     2 |       ||     2
  Use: Scroll            |       |     4 |    11 |     7 ||    22
       Potion            |       |       |       |     2 ||     2
 Stab: Sleeping          |     3 |       |       |       ||     3
Armor: Animal skin       |    41 |     5 |       |       ||    46
       Scale mail        |       |    46 |    13 |       ||    59
       Ring mail         |       |     1 |       |       ||     1
       Acid dragon scale |       |       |   133 |   214 ||   347
Dodge: Dodged            |    72 |    66 |   152 |   291 ||   581
Block: Buckler           |    10 |     1 |       |       ||    11
